 Dungeon Crawl Stone Soup version 0.26.1-11-gd32895ea62 (webtiles) character file.

Game seed: 10121802036186015103

149068 raph the Bludgeoner (level 16, -13/149 HPs)
             Began as a Troll Berserker on May 19, 2021.
             Was a High Priest of Trog.
             Mangled by a bunyip (17 damage)
             ... on level 1 of the Swamp.
             The game lasted 00:59:38 (33090 turns).

raph the Bludgeoner (Troll Berserker)              Turns: 33090, Time: 00:59:38

Health: -13/149    AC: 16    Str: 29    XL:     16   Next: 95%
Magic:  15/15      EV: 15    Int:  9    God:    Trog [*****.]
Gold:   1569       SH:  0    Dex: 19    Spells: 15/15 levels left

rFire    + . .     SeeInvis .   a - +4 giant spiked club (spect)
rCold    + . .     Faith    .   (shield currently unavailable)
rNeg     . . .     Spirit   .   y - +3 acid dragon scales
rPois    .         Reflect  .   M - +2 hat
rElec    .         Harm     .   H - +2 cloak
rCorr    +         Rampage  .   (gloves unavailable)
Will     ++...                  (boots unavailable)
Stlth    +.........             S - amulet "Uwkeudgh" {Acrobat rF+}
HPRegen  0.74/turn              v - ring of Afuelicu {+Fly rC+ Will+ Int+6 Dex+5}
MPRegen  0.14/turn              R - +4 ring of slaying

@: corroded
A: large, unfitting armour, claws 3, regeneration 1, shaggy fur 1, tough skin 3
a: Renounce Religion, Evoke Flight, Berserk, Trog's Hand, Brothers in Arms


You were on level 1 of the Swamp.
You worshipped Trog.
Trog was extremely pleased with you.
You visited 4 branches of the dungeon, and saw 25 of its levels.
You also visited: Bailey.

You collected 2953 gold pieces.
You spent 1384 gold pieces at shops.

Inventory:

Hand Weapons
 a - a +4 spectral giant spiked club (weapon)
 f - a +1 whip of electrocution
 t - a +0 mace
 x - a +0 giant club
 L - a +3 great mace
 Q - a +2 vorpal giant club
Missiles
 B - 48 boomerangs
 N - 17 large rocks (quivered)
Armour
 y - +3 acid dragon scales (worn)
 H - a +2 cloak (worn)
 M - a +2 hat (worn)
 U - +0 fire dragon scales
Jewellery
 v - the ring of Afuelicu (left claw) {+Fly rC+ Will+ Int+6 Dex+5}
   (You acquired it on level 5 of the Dungeon)

   [ring of intelligence]

   It affects your intelligence (+6).
   It affects your dexterity (+5).
   It protects you from cold.
   It affects your willpower, your defense against some magical effects.
   It lets you fly.
 z - a +4 ring of evasion
 E - an uncursed amulet of magic regeneration
 O - an uncursed ring of flight
 P - a +6 ring of strength
 R - a +4 ring of slaying (right claw)
 S - the amulet "Uwkeudgh" (around neck) {Acrobat rF+}
   (You bought it in a shop on level 2 of the Orcish Mines)

   [amulet of the acrobat]

   It helps you evade while moving and waiting.
   It protects you from fire.
 X - an uncursed ring of poison resistance
 Y - an uncursed amulet of the acrobat
Wands
 c - a wand of paralysis (11)
 s - a wand of acid (22)
 D - a wand of digging (4)
 F - a wand of enslavement (15)
 G - a wand of iceblast (7)
 I - a wand of flame (61)
 T - a wand of polymorph (6)
 W - a wand of random effects (19)
Scrolls
 b - 5 scrolls of fog
 d - 11 scrolls of remove curse
 g - 4 scrolls of magic mapping
 j - 12 scrolls of teleportation
 n - 5 scrolls of identify
 r - 2 scrolls of fear
 V - a scroll of summoning
 Z - a scroll of brand weapon
Potions
 e - 4 potions of attraction
 h - 2 potions of heal wounds
 i - 14 potions of curing
 k - 7 potions of brilliance
 l - a potion of haste
 m - 4 potions of magic
 o - a potion of resistance
 p - a potion of mutation
 q - 5 potions of might
 u - 3 potions of flight
 A - 3 potions of lignification
 C - 3 potions of berserk rage
 J - 2 potions of ambrosia
 K - 2 potions of cancellation
Miscellaneous
 w - a phantom mirror


   Skills:
 - Level 7.5 Fighting
 + Level 18.9 Maces & Flails
 - Level 10.8 Throwing
 - Level 6.8 Armour
 - Level 7.5 Dodging
 - Level 7.1 Evocations


You had 15 spell levels left.
You didn't know any spells.
Your spell library was empty.

Dungeon Overview and Level Annotations

Branches:
Dungeon (15/15)            Temple (0/1) D:7            Lair (6/6) D:9
  Swamp (2/4) Lair:4        Snake (0/4) Lair:3        Slime (0/5) Lair:5
    Orc (2/2) D:9             Elf (0/3) Orc:2        Vaults (0/5) D:13
 Depths (0/5) D:15         Bailey (visited)

Altars:
Cheibriados
Dithmenos
Elyvilon
Gozag
Makhleb
Nemelex Xobeh
Okawaru
Qazlal
Ru
Sif Muna
Trog
Xom
Yredelemnul
Zin
The Shining One
Beogh
Jiyva

Shops:
D:9 (*   D:11 !   Orc:1 (   Orc:2 [*(=:

Annotations:
D:8 3 runed translucent doors, T2blue's ghost, novice HuHu
Lair:2 exclusion: 3 oklob plants


Innate Abilities, Weirdness & Mutations

You are too large for most types of armour.
You have claws for hands.
Your natural rate of healing is unusually fast.
You are covered in fur. (AC +1)
You have extremely tough skin. (AC +3)


Message History

You see here a swamp dragon corpse.
The goliath frog hits you from afar!
* * * LOW HITPOINT WARNING * * *
The acid corrodes you!
You are splashed with acid.
You resist.
* * * LOW HITPOINT WARNING * * *
Aiming: Iceblast
Press: ? - help, Shift-Dir - straight line, f - goliath frog
Aim: a goliath frog (thin mist, lightly wounded)
The mass of ice explodes!
The iceblast engulfs the goliath frog!!
The goliath frog is severely wounded.
The iceblast engulfs the bunyip!
The bunyip is lightly wounded.
The goliath frog hits you from afar!
* * * LOW HITPOINT WARNING * * *
You are splashed with acid.
You resist.
* * * LOW HITPOINT WARNING * * *
The bunyip claws you!
* * * LOW HITPOINT WARNING * * *
The bunyip claws you!
You die...

.≈≈≈≈≈≈..........♣ ♣♣.≈≈.
....≈≈≈≈......≈≈<♣ ♣♣≈..).
≈...≈§≈≈.♣..≈..≈.♣♣♣♣♣♣♣♣♣♣≈.≈≈≈≈
..≈≈≈≈≈..≈[.≈≈.>..♣♣.......≈≈≈≈≈≈
..≈≈≈≈≈≈≈≈.≈..♣≈....§≈≈≈....≈≈..≈
.≈≈≈≈≈≈≈≈.≈≈≈.♣>≈≈..≈≈≈≈.≈≈≈≈≈.≈≈
.≈≈≈....≈≈§≈≈≈≈F†≈≈≈≈≈≈≈≈§≈≈≈≈≈≈≈
.......≈≈≈§.....x.≈≈≈≈≈≈....≈≈≈≈≈
...≈≈...≈≈≈.♣..≈@.≈§≈≈≈.♣♣≈.≈≈≈≈≈
.≈≈≈≈≈.≈≈≈≈....♣..≈§≈≈≈.≈♣♣♣.≈≈≈§
≈≈≈≈≈≈≈≈≈≈≈≈..§♣≈.≈≈≈≈≈.♣♣ ♣.≈≈≈≈
≈≈§≈≈≈§...≈≈..♣♣♣♣.≈♣≈..♣ ♣...≈≈
≈§≈≈≈≈§..≈≈≈§≈.♣ ♣.≈♣...♣ ♣♣..≈.≈
≈≈≈≈≈≈≈..≈..§≈≈♣ ♣.≈....♣♣♣).≈≈≈≈
..≈≈≈≈......≈≈≈♣ ♣≈..♣..♣♣..≈≈≈≈.
≈♣≈.....≈≈.≈≈..♣ ♣♣♣♣♣♣♣♣♣≈.≈≈≈.≈
♣♣≈≈..♣.≈≈≈≈§≈.♣ ♣♣≈≈♣♣♣≈..≈≈§≈≈


You could see a bunyip and a goliath frog.

Vanquished Creatures
  An orc warlord (Orc:2)
  An ettin (Orc:1)
  Snorg (D:13)
  3 fire dragons
  9 hydras
  A boulder beetle (Lair:2)
  3 vault guards (D:13)
  A catoblepas (Lair:6)
  A death knight (D:15)
  3 centaur warriors
  2 two-headed ogres
  18 death yaks
  2 alligators (Swamp:1)
  Erica (D:14)
  An orc high priest (Orc:2)
  Urug (D:14)
  Sonja (D:12)
  5 skeletal warriors (D:12)
  2 unseen horrors
  3 hell knights (D:14)
  2 swamp dragons (Swamp:1)
  2 bog bodies (Swamp:1)
  A goliath frog (Swamp:2)
  A lindwurm (Lair:6)
  2 deep elf magi (D:9)
  8 orc knights
  3 orc sorcerers
  4 ugly things
  A manticore (D:13)
  2 cyclopes
  8 elephants
  A centaur zombie (D:15)
  6 black mambas
  3 molten gargoyles (Lair:6)
  14 cane toads
  4 centaur skeletons
  2 gargoyles (D:13)
  A freezing wraith (D:15)
  Maggie (D:6)
  2 efreet
  A rime drake (Lair:2)
  11 komodo dragons
  3 yaktaurs (D:15)
  3 tyrant leeches
  4 polar bears
  A tengu conjurer (D:14)
  2 trolls
  2 hornets (Swamp:1)
  5 meliai
  9 slime creatures
  7 blink frogs
  9 dream sheep
  Sigmund (D:3)
  3 spriggans
  48 yaks
  11 humans
  4 wraiths
  9 basilisks
  3 wyverns
  3 vampire mosquitoes (D:15)
  2 steam dragons (Lair:6)
  4 wargs
  2 nagas (Lair:3)
  6 swamp worms
  An acid dragon (D:13)
  11 water moccasins
  4 hell hounds (Lair:6)
  2 sky beasts
  41 orc warriors
  5 ice beasts
  13 ogres
  2 swamp drakes
  A necrophage (D:4)
  A phantom (D:6)
  2 black bears
  An eye of draining (D:13)
  16 wolves
  24 centaurs
  Blork the orc (Orc:2)
  16 bullfrogs
  3 wyvern skeletons
  2 scorpions
  A water moccasin skeleton (D:8)
  6 killer bees (D:10)
  16 wights
  A howler monkey (D:7)
  A crimson imp (D:9)
  5 lava snakes (Lair:6)
  A quasit (D:8)
  A bullfrog zombie (D:5)
  An iron imp (D:9)
  4 jellies
  5 hounds
  18 orc priests
  3 bullfrog skeletons
  18 orc wizards
  6 iguanas
  Terence (D:2)
  Ijyb (D:3)
  8 worker ants
  A hound zombie (D:9)
  2 worker ant zombies
  Robin (D:2)
  12 gnolls
  12 adders
  4 shadow imps
  3 white imps
  3 ufetubi
  2 oozes
  2 adder skeletons (D:6)
  A worm (D:5)
  5 dart slugs
  7 leopard geckos
  102 orcs
  4 bats
  7 giant cockroaches
  34 goblins
  22 hobgoblins
  7 jackals
  13 kobolds
  A quokka (D:7)
  2 ball pythons
  4 frilled lizards
  A kobold zombie (D:3)
  3 rats
779 creatures vanquished.

Vanquished Creatures (collateral kills)
  An orc warlord (Bailey)
  A bunyip (Swamp:1)
  A catoblepas (Lair:2)
  2 alligators (Swamp:1)
  A death yak (D:9)
  A skeletal warrior (D:14)
  An orc knight (Bailey)
  2 elephants (Lair:6)
  A cane toad (Lair:6)
  A komodo dragon (Lair:4)
  A troll (Orc:2)
  A meliai (D:15)
  A dream sheep (Lair:4)
  5 yaks
  A sky beast (D:14)
  An ogre (Orc:2)
  2 orc warriors
  A quasit (D:9)
  An orc wizard (Orc:2)
  A gnoll (Bailey)
  2 river rats (D:9)
  A leopard gecko (D:9)
  A goblin (Bailey)
  A rat (D:9)
32 creatures vanquished.

Vanquished Creatures (others)
  A bloated husk (Swamp:1)
  A human (D:13)
  A bush (Lair:6)
  28 fungi
  42 plants
73 creatures vanquished.

Grand Total: 884 creatures vanquished

Notes
Turn   | Place    | Note
-------+----------+-------------------------------------------
     0 | D:1      | raph the Troll Berserker began the quest for the Orb.
     0 | D:1      | Reached XP level 1. HP: 22/22 MP: 0/0
   101 | D:1      | Reached skill level 3 in Maces & Flails
   138 | D:1      | Reached XP level 2. HP: 28/29 MP: 1/1
   614 | D:1      | Reached ** piety under Trog
   691 | D:1      | Reached XP level 3. HP: 35/36 MP: 2/2
   882 | D:1      | Reached skill level 4 in Maces & Flails
  1221 | D:2      | Noticed Robin
  1251 | D:2      | Killed Robin
  1423 | D:2      | Reached XP level 4. HP: 44/44 MP: 3/3
  1423 | D:2      | Found a burning altar of Makhleb.
  1736 | D:2      | Noticed Terence
  1746 | D:2      | Killed Terence
  1747 | D:2      | Reached skill level 5 in Maces & Flails
  2169 | D:3      | Reached XP level 5. HP: 50/50 MP: 4/4
  2191 | D:3      | Found a runed translucent door.
  2192 | D:3      | Noticed a human
  2194 | D:3      | Found a basalt altar of Yredelemnul.
  2251 | D:3      | Reached *** piety under Trog
  2316 | D:3      | Killed a human
  2317 | D:3      | Reached skill level 6 in Maces & Flails
  2317 | D:3      | Reached XP level 6. HP: 55/59 MP: 5/5
  2521 | D:3      | Found a faded altar of an unknown god.
  2527 | D:3      | Found a stormy altar of Qazlal.
  2631 | D:3      | Noticed Ijyb
  2632 | D:3      | Paralysed by Ijyb for 6 turns
  2650 | D:3      | Killed Ijyb
  2746 | D:3      | Noticed Sigmund
  2760 | D:3      | Killed Sigmund
  2761 | D:3      | Reached skill level 7 in Maces & Flails
  2761 | D:3      | Reached XP level 7. HP: 66/66 MP: 6/6
  2820 | D:3      | Found a glowing silver altar of Zin.
  3109 | D:4      | Found a basalt altar of Yredelemnul.
  3172 | D:4      | Found a white marble altar of Elyvilon.
  3263 | D:4      | Reached skill level 8 in Maces & Flails
  3509 | D:4      | Found a snail-covered altar of Cheibriados.
  3870 | D:5      | Entered Level 5 of the Dungeon
  3884 | D:5      | Reached skill level 9 in Maces & Flails
  3884 | D:5      | Reached XP level 8. HP: 74/74 MP: 7/7
  4387 | D:5      | Reached **** piety under Trog
  4894 | D:6      | Noticed Maggie
  4901 | D:6      | Killed Maggie
  4902 | D:6      | Reached skill level 10 in Maces & Flails
  5146 | D:5      | Identified a scroll of acquirement
  5146 | D:5      | Acquired the ring of Afuelicu {+Fly rC+ Will+ Int+6 Dex+5}
  5354 | D:6      | Found a shimmering altar of Xom.
  5357 | D:6      | Found a shimmering altar of Xom.
  5357 | D:6      | Found a stormy altar of Qazlal.
  5359 | D:6      | Found a sacrificial altar of Ru.
  5359 | D:6      | Found an opulent altar of Gozag.
  5359 | D:6      | Found a shadowy altar of Dithmenos.
  5521 | D:6      | Found a sparkling altar of Nemelex Xobeh.
  5758 | D:7      | Reached skill level 11 in Maces & Flails
  5771 | D:7      | Found a staircase to the Ecumenical Temple.
  5838 | D:7      | Found a flagged portal.
  5870 | Bailey   | Entered a bailey
  5915 | Bailey   | Reached XP level 9. HP: 80/80 MP: 8/8
  6623 | Bailey   | Noticed an orc warlord
  6623 | Bailey   | Noticed an orc knight
  6623 | Bailey   | Noticed an orc knight
  6624 | Bailey   | Noticed an orc knight
  6624 | Bailey   | Noticed an orc knight
  6639 | Bailey   | Killed an orc warlord
  6640 | Bailey   | Reached skill level 12 in Maces & Flails
  6642 | Bailey   | Killed an orc knight
  6648 | Bailey   | Killed an orc knight
  6651 | Bailey   | Killed an orc knight
  6652 | Bailey   | Reached skill level 13 in Maces & Flails
  6652 | Bailey   | Reached XP level 10. HP: 39/88 MP: 9/9
  6667 | Bailey   | Killed an orc knight
  7857 | D:7      | Found a shimmering blue altar of Sif Muna.
  7991 | D:7      | Found a glowing golden altar of the Shining One.
  8534 | D:8      | Found a runed translucent gate.
  8535 | D:8      | Found a runed translucent gate.
  8535 | D:8      | Noticed T2blue's ghost (novice HuHu)
  8536 | D:8      | Found a runed translucent gate.
  8538 | D:8      | Identified the cursed +1 short sword "Iviug" {chaos, Str+2}
  8624 | D:8      | Found a shimmering altar of Xom.
  8665 | D:8      | Found a bloodstained altar of Trog.
  9256 | D:9      | Found an iron altar of Okawaru.
  9269 | D:9      | Reached skill level 14 in Maces & Flails
  9476 | D:9      | Found a shadowy altar of Dithmenos.
  9581 | D:9      | Found a staircase to the Orcish Mines.
  9685 | D:9      | Reached ***** piety under Trog
  9851 | D:9      | Found Ygga's General Store.
  9856 | D:9      | Found Niabi's Weapon Boutique.
  9859 | D:9      | Bought a scroll of identify for 26 gold pieces
  9859 | D:9      | Bought a potion of heal wounds for 65 gold pieces
 10272 | D:9      | Bought a potion of haste for 130 gold pieces
 10272 | D:9      | Bought a wand of flame (12) for 91 gold pieces
 10272 | D:9      | Bought a potion of ambrosia for 104 gold pieces
 10335 | D:9      | Noticed a death yak
 10339 | D:9      | Noticed a death yak
 10343 | D:9      | Noticed a death yak
 10356 | D:9      | Killed a death yak
 10359 | D:9      | Killed a death yak
 10361 | D:9      | Killed a death yak
 10362 | D:9      | Reached skill level 15 in Maces & Flails
 10362 | D:9      | Reached XP level 11. HP: 62/94 MP: 10/10
 10409 | D:9      | Found a staircase to the Lair.
 10553 | D:9      | Noticed a deep elf mage
 10560 | D:9      | Killed a deep elf mage
 10617 | D:9      | Noticed a deep elf mage
 10623 | D:9      | Killed a deep elf mage
 10810 | Lair:1   | Entered Level 1 of the Lair of Beasts
 10810 | Lair:1   | Noticed a six-headed hydra
 10816 | Lair:1   | Killed a six-headed hydra
 11302 | Lair:1   | Reached skill level 16 in Maces & Flails
 11666 | Lair:1   | You fall into a shaft and drop 1 floor!
 11667 | Lair:2   | Noticed an oklob plant
 11667 | Lair:2   | Noticed an oklob plant
 11667 | Lair:2   | Noticed an oklob plant
 11667 | Lair:2   | Noticed a boulder beetle
 11690 | Lair:2   | Killed a boulder beetle
 11841 | Lair:2   | Received a gift from Trog
 12776 | Lair:3   | Noticed a catoblepas
 12776 | Lair:3   | Noticed an eight-headed hydra
 12786 | Lair:2   | Killed an eight-headed hydra
 12873 | Lair:2   | Killed a catoblepas
 12874 | Lair:2   | Reached skill level 17 in Maces & Flails
 12874 | Lair:2   | Reached XP level 12. HP: 50/104 MP: 11/11
 13203 | Lair:3   | Found a sparkling altar of Nemelex Xobeh.
 13364 | Lair:3   | Found a staircase to the Snake Pit.
 13852 | Lair:4   | Noticed a death yak
 13857 | Lair:4   | Noticed a death yak
 13857 | Lair:4   | Noticed a death yak
 13857 | Lair:4   | Noticed a death yak
 13874 | Lair:4   | Noticed a death yak
 13883 | Lair:3   | Killed a death yak
 13885 | Lair:3   | Killed a death yak
 13960 | Lair:4   | Noticed a death yak
 13975 | Lair:3   | Killed a death yak
 13978 | Lair:3   | Killed a death yak
 13979 | Lair:3   | Reached skill level 18 in Maces & Flails
 14117 | Lair:4   | Killed a death yak
 14118 | Lair:4   | Reached skill level 1 in Throwing
 14125 | Lair:4   | Killed a death yak
 14126 | Lair:4   | Reached skill level 1 in Armour
 14290 | Lair:4   | Reached skill level 1 in Evocations
 14368 | Lair:4   | Reached XP level 13. HP: 112/114 MP: 12/12
 14511 | Lair:4   | HP: 2/114 [komodo dragon (22)]
 14520 | Lair:4   | HP: 5/114 [komodo dragon (20)]
 14870 | Lair:4   | Reached XP level 14. HP: 124/124 MP: 13/13
 15752 | Lair:4   | Reached skill level 5 in Dodging
 15971 | Lair:4   | Found a staircase to the Swamp.
 16007 | Lair:4   | Reached skill level 5 in Fighting
 16482 | Lair:4   | Reached XP level 15. HP: 133/133 MP: 14/14
 17076 | Lair:5   | Found a viscous altar of Jiyva.
 17076 | Lair:5   | Found a staircase to the Slime Pits.
 17874 | D:10     | Entered Level 10 of the Dungeon
 18144 | D:10     | Received a gift from Trog
 19585 | D:11     | Found Quyjoatu's Distillery.
 19640 | D:11     | Bought a potion of heal wounds for 75 gold pieces
 19640 | D:11     | Bought a potion of heal wounds for 75 gold pieces
 19640 | D:11     | Bought a potion of heal wounds for 75 gold pieces
 19799 | D:11     | You fall into a shaft and drop 3 floors!
 19888 | D:14     | Noticed Erica
 19888 | D:14     | Noticed Urug
 20158 | D:13     | Reached skill level 5 in Armour
 20434 | D:12     | Noticed Sonja
 20496 | D:12     | Killed Sonja
 20646 | D:12     | Received a gift from Trog
 21765 | D:12     | Reached skill level 5 in Evocations
 21943 | D:13     | Noticed Snorg
 22340 | Orc:1    | Entered Level 1 of the Orcish Mines
 22765 | Orc:2    | Entered Level 2 of the Orcish Mines
 22889 | Orc:2    | Noticed an orc warlord
 23322 | Orc:2    | Killed an orc warlord
 23555 | Orc:1    | Found Pifuasok's Weapon Emporium.
 23866 | Orc:2    | Received a gift from Trog
 24027 | Orc:2    | Found Iblega's Book Shop.
 24085 | Orc:2    | Found a staircase to the Elven Halls.
 24442 | Orc:2    | Found a roughly hewn altar of Beogh.
 24445 | Orc:2    | Noticed Blork the orc
 24447 | Orc:2    | Killed Blork the orc
 24486 | Orc:2    | Found Kiasun's Antique Armour Emporium.
 24495 | Orc:2    | Found Hatheuch's General Store.
 24529 | Orc:2    | Found Jasohu's Antique Weapon Emporium.
 24550 | Orc:2    | Found Xeotwoz's Jewellery Emporium.
 24565 | Orc:2    | Bought the amulet "Uwkeudgh" {Acrobat rF+} for 616 gold
                  | pieces
 24591 | Orc:2    | Bought a scroll of enchant armour for 127 gold pieces
 25499 | D:13     | Identified the +5 plate armour of Viniene {rF- rC+ Str+2
                  | Slay+2}
 25813 | D:13     | Killed Snorg
 26118 | D:13     | Found a gate to the Vaults.
 26412 | D:14     | Reached XP level 16. HP: 146/146 MP: 15/15
 26421 | D:14     | Killed Erica
 26516 | D:14     | Killed Urug
 26764 | D:14     | Reached skill level 10 in Throwing
 26891 | D:14     | Found a roughly hewn altar of Beogh.
 26910 | D:14     | Received a gift from Trog
 27878 | D:15     | Entered Level 15 of the Dungeon
 27879 | D:15     | Found an iron altar of Okawaru.
 28486 | D:15     | Found a staircase to the Depths.
 29287 | Lair:6   | Entered Level 6 of the Lair of Beasts
 31004 | Lair:6   | Found a large runed translucent door.
 31016 | Lair:6   | Found a large runed translucent door.
 31243 | Lair:6   | Identified the Tome of Toxic Black Rituals
 31553 | Swamp:1  | Entered Level 1 of the Swamp
 33090 | Swamp:1  | HP: 4/149 [bunyip (12)]
 33090 | Swamp:1  | Mangled by a bunyip

Illustrated notes

Levels and vault maps discovered:
D:1:      wheals_arrival_linesprint, layout_basic, minmay_tall_x
D:2:      layout_basic, lemuel_crystal_altar, uniq_terence, uniq_robin
D:3:      layout_rooms, zin_statuary, nicolae_overflow_hidden_temple,
          chequers_ecumenical_altar_simple_redux, dk_yredelemnul_ordeal,
          uniq_sigmund, uniq_ijyb
D:4:      layout_basic, kennysheep_ying_yang, cheibriados_altar_1
D:5:      layout_loops_ring, grunt_ministairs_9, minmay_misc_feat_doors
D:6:      layout_rooms, old_standard_altar, doesnt_xom_only_xom, uniq_maggie
D:7:      layout_gridville, kennysheep_mini_moat,
          minmay_temple_entry_junction_2, enter_bailey_5, lemuel_blue_sif_altar
D:8:      layout_layer_cave, lemuel_doored_altar, overflow_temple_1_default,
          gammafunk_ghost_nasty_kobolds
D:9:      layout_rooms, grunt_dithmenos_shadows, okawaru_humans,
          dpeg_lair_monsters, david_orc_1_choice, serial_shops, shop,
          nicolae_shop_statue_plus, hangedman_minor_magic
D:10:     layout_rooms
D:11:     layout_irregular_city, serial_shops, shop, the_bakery
D:12:     nicolae_whirlpool, layout_irregular_city, kennysheep_generic_room_3,
          uniq_sonja
D:13:     layout_loops_corners, ximxim_vaults_locker_room, hex_large, uniq_snorg
D:14:     layout_roguey [special_room_orc], sword_in_stone
D:15:     grunt_enter_depths_hoard, layout_rooms, basic_altar, glass_columns_b
Lair:1:   layout_small_grid, special_room [special_room_bee]
Lair:2:   layout_roguey, serial_bayou_shore_b, grunt_megastairs_1,
          minmay_lair_oklob_chamber, infiniplex_staircase_pool_2
Lair:3:   layout_misc_corridors, guppyfry_snake_entry_garden, basic_altar,
          minivault_23, lemuel_fruit_tree
Lair:4:   layout_hall_layers, palyth_hydra_swamp_entry
Lair:5:   layout_cave_pods, slime_altar_1, grunt_megastairs_2
Lair:6:   cheibrodos_lair_end_hotspot, layout_regular_city
Swamp:1:  layout_basic_swamp, evilmike_swamp_ruin_house_4,
          infiniplex_staircase_pool
Swamp:2:  layout_basic_swamp, ebering_ghost_disaster_area,
          hangedman_swamp_ruin_wall
Orc:1:    layout_diamond_mine, serial_shops, nicolae_shop_stone
Orc:2:    grunt_orc_cross, layout_diamond_mine, serial_shops, shop

Skill      XL: |  1  2  3  4  5  6  7  8  9 10 11 12 13 14 15 16 |
---------------+-------------------------------------------------+-----
Maces & Flails | 3 4 5 6 7 9 11 13 15 17 18 | 18.9
Throwing       | 4 6 9 10 | 10.8
Armour         | 2 3 4 6 |  6.8
Evocations     | 2 3 5 7 |  7.1
Fighting       | 3 4 5 6 7 |  7.5
Dodging        | 3 4 5 6 7 |  7.5

Action                   |  1- 3 |  4- 6 |  7- 9 | 10-12 | 13-15 | 16-18 || total
-------------------------+-------+-------+-------+-------+-------+-------++-------
Melee: Mace              |    33 |       |       |       |       |       ||    33
       Whip              |    76 |   162 |    15 |       |       |       ||   253
       Giant club        |       |       |   139 |       |       |       ||   139
       Giant spiked club |       |       |   140 |   478 |   741 |   373 ||  1732
Throw: Boomerang         |       |       |       |     9 |     4 |       ||    13
       Large rock        |       |       |       |       |    53 |    54 ||   107
Invok: Berserk           |     2 |     5 |     9 |    13 |    24 |     3 ||    56
       Trog's Hand       |     1 |       |     3 |     3 |     7 |     9 ||    23
       Brothers in Arms  |       |       |     2 |     2 |     3 |     6 ||    13
 Abil: Evoke Flight      |       |       |       |       |       |     2 ||     2
Evoke: Wand              |       |       |     4 |     3 |     9 |    11 ||    27
  Use: Scroll            |       |    11 |     7 |    12 |    15 |     5 ||    50
       Potion            |       |       |       |     2 |     7 |     4 ||    13
 Stab: Sleeping          |       |       |     1 |       |       |       ||     1
       Distracted        |       |       |       |       |     2 |       ||     2
       Fleeing           |       |       |       |       |     1 |       ||     1
Armor: Animal skin       |    36 |    70 |    75 |       |       |       ||   181
       Acid dragon scale |       |       |    55 |   181 |   332 |   147 ||   715
Dodge: Dodged            |    55 |    79 |   222 |   340 |   627 |   391 ||  1714
